 Dungeon Crawl Stone Soup version 0.20-a0-433-g9e36e56 (webtiles) character file.

58501 Gorice the Carver (level 14, -3/110 HPs)
             Began as a Demonspawn Arcane Marksman on Jan 2, 2017.
             Was a High Priest of Okawaru.
             Slain by a centaur warrior
             ... wielding a +1 triple sword of distortion
              (12 damage)
             ... on level 11 of the Dungeon on Jan 3, 2017.
             The game lasted 02:02:36 (24537 turns).

Gorice the Carver (Demonspawn Arcane Marksman)     Turns: 24537, Time: 02:02:37

Health: -3/110     AC: 31    Str: 17    XL:     14   Next: 49%
Magic:  14/20      EV: 10    Int: 16    God:    Okawaru [*****.]
Gold:   891        SH:  0    Dex: 14    Spells: 15/15 levels left

rFire  + . .     SeeInvis .     a - +3 scimitar (flame)
rCold  + . .     Gourm    .     t - +2 plate armour of Gallantry {rC+ rN+ rCorr}
rNeg   + . .     Faith    +     (no shield)
rPois  .         Spirit   .     k - +1 hat
rElec  .         Reflect  .     x - +1 cloak {MR+}
rCorr  +         Harm     .     v - +2 pair of gloves {Str+3}
MR     +++..                    (no boots)
Stlth  +.........               M - amulet of faith {!P}
                                F - ring of protection from fire
                                U - ring of protection from magic

@: about to teleport, heroism, finesse
A: antennae 2, yellow scales 3, nightstalker 2, spiny 1
a: Heroism, Finesse, Renounce Religion


You were on level 11 of the Dungeon.
You worshipped Okawaru.
Okawaru was extremely pleased with you.
You were not hungry.

You visited 3 branches of the dungeon, and saw 18 of its levels.

You collected 1043 gold pieces.
You spent 152 gold pieces at shops.

Inventory:

Hand Weapons
 a - a +3 scimitar of flaming (weapon)
   (You took it off Erica on level 1 of the Lair of Beasts)
 b - a +3 great sword of draining
   (Okawaru gifted it to you on level 6 of the Lair of Beasts)
 B - a +0 blowgun
Missiles
 e - 43 poisoned needles
 y - 7 tomahawks
 I - 5 poisoned javelins
 Q - 18 javelins (quivered)
 X - 4 tomahawks of dispersal
 Y - a throwing net
Armour
 k - a +1 hat (worn)
 m - the +5 leather armour "Witwobuk" {rN+ Dex+3, unknown}
   (You found it on level 11 of the Dungeon)

   It affects your dexterity (+3).
   It protects you from negative energy.
 t - the +2 plate armour of Gallantry (worn) {rC+ rN+ rCorr}
   (You found it on level 4 of the Lair of Beasts)

   It protects you from cold.
   It protects you from negative energy.
   It protects you from acid and corrosion.
 v - a +2 pair of gloves of strength (worn)
   (Okawaru gifted it to you on level 3 of the Lair of Beasts)
 x - a +1 cloak of magic resistance (worn)
   (Okawaru gifted it to you on level 6 of the Lair of Beasts)
 A - a +3 chain mail
Jewellery
 g - an uncursed ring of flight
 i - the ring "Weebeeb" {rElec Str+3 Dex-5 SInv}
   (You found it on level 3 of the Lair of Beasts)

   [ring of see invisible]

   It affects your strength (+3).
   It affects your dexterity (-5).
   It insulates you from electricity.
   It lets you see invisible.
 F - a ring of protection from fire (right hand)
 M - an amulet of faith (around neck) {!P}
 S - an uncursed ring of protection from cold
 U - a ring of protection from magic (left hand)
Wands
 r - a wand of lightning (9/15)
 s - a wand of scattershot (6/9)
 J - a wand of enslavement (8/24)
 O - a wand of confusion (24/48)
 T - a wand of disintegration (11/24)
Scrolls
 j - a scroll of silence {unknown}
 l - 7 scrolls of remove curse
 n - 5 scrolls of blinking
 w - 2 scrolls of magic mapping {!r}
 z - a scroll of acquirement {unknown}
 G - a scroll of fog
 P - 2 scrolls of teleportation {!r}
Potions
 h - 2 potions of resistance {!q}
 o - 4 potions of lignification {!q}
 p - a potion of cancellation {!q}
 u - a potion of berserk rage {unknown}
 D - 4 potions of curing
 L - 4 potions of haste {!q}
 N - a potion of agility {!q}
 V - 4 potions of might {!q}
 W - a potion of heal wounds {!q}
Miscellaneous
 c - 2 sacks of spiders
Comestibles
 d - 12 fruits
 f - 14 bread rations {!e}
 q - 5 chunks of flesh


   Skills:
 - Level 10.1(15.1) Fighting
 + Level 14.0(19.0) Long Blades
 - Level 8.2(13.2) Throwing
 + Level 12.9(17.9) Armour
 - Level 1.7(6.7) Dodging
 - Level 1.0 Spellcasting
   Level 3.0 Hexes
 - Level 9.0 Invocations


You had 15 spell levels left.
You didn't know any spells.

Dungeon Overview and Level Annotations

Branches:
Dungeon (11/15)            Temple (1/1) D:5            Lair (6/6) D:10
  Swamp (0/4) Lair:4       Spider (0/4) Lair:4        Slime (0/5) Lair:5
    Orc (0/2) D:11

Altars:
Ashenzari
Cheibriados
Dithmenos
Elyvilon
Fedhas
Gozag
Hepliaklqana
Kikubaaqudgha
Makhleb
Nemelex Xobeh
Okawaru
Qazlal
Ru
Sif Muna
Trog
Uskayaw
Vehumet
Xom
Yredelemnul
Zin
The Shining One
Jiyva

Shops:
D:7 !*

Portals:
Hell: Lair:6

Annotations:
D:3 Grinder
Lair:3 vpUX: 3 Oklobs guarding loot
Lair:5 1 runed door


Innate Abilities, Weirdness & Mutations

You have a pair of antennae on your head.
You are completely covered in yellow scales. (AC +4, rCorr)
You are significantly more attuned to the shadows.
You are partially covered in sharp spines.


Message History

Its appearance distorts for a moment.
The centaur warrior wields a longbow.
The centaur warrior shoots an arrow.
The arrow barely misses you.
Unknown command.
You barely miss the centaur warrior.
The centaur warrior is lightly wounded.
You hit the centaur warrior. You burn the centaur warrior.
The centaur warrior is lightly wounded.
The centaur warrior is struck by your spines.
The centaur warrior hits you.
* * * LOW HITPOINT WARNING * * *
The centaur warrior is struck by your spines.
The centaur warrior barely misses you.
You riposte.
You hit the centaur warrior. You burn the centaur warrior.
The centaur warrior is moderately wounded.
Damage: 3 (max 16)
You slash the centaur warrior! You burn the centaur warrior.
You punch the centaur warrior!
The centaur warrior is severely wounded.
The centaur warrior shoots an arrow.
The arrow hits you!
* * * LOW HITPOINT WARNING * * *
Damage: 14 (max 16)
You slash the centaur warrior! You burn the centaur warrior.
You kill the centaur warrior!
Okawaru accepts your kill.
Your base Long Blades skill increases to level 14!
The centaur warrior hits you but does no damage.
The deep elf archer unwields an uncursed dagger.
The deep elf archer wields an uncursed shortbow.
The deep elf archer shoots an arrow.
The arrow hits you but does no damage.
Really read
P - 3 scrolls of teleportation {!r}?
As you read the scroll of teleportation {!r}, it crumbles to dust.
You feel strangely unstable.
The centaur warrior hits you but does no damage. x2
Unknown command.
You hit the centaur warrior. You burn the centaur warrior.
The centaur warrior is lightly wounded.
The deep elf archer shoots an arrow.
The arrow hits you.
* * * LOW HITPOINT WARNING * * *
Damage: 4 (max 16) Unknown command.
You slice the centaur warrior!! You burn the centaur warrior.
The centaur warrior is severely wounded.
The centaur warrior unwields an uncursed longbow.
The centaur warrior wields an uncursed triple sword of distortion.
Its appearance distorts for a moment.
The centaur warrior is struck by your spines.
The centaur warrior hits you with an uncursed triple sword of distortion!
* * * LOW HITPOINT WARNING * * *
Space warps horribly around you!
You die...

...# .........# #..# ...#
...{.{.o.# #..# ...# #.e.#
..# #..# #..# ##...###.'
#..# #..# .##.....##.#
#..# #..# ........{{o#
#..# #..#
+###8.8###e####..# #..##
##'##()c((##..# #...#
#...#(@co(#...# #.#.###
#...#######.#.#
#........###'###.)..(...#
.................))(....#
.........#.#.#.#..รท.)...#
....... ................#
........................#
.......................##
....... ...###.........#


You could see 2 centaur warriors, a deep elf archer and 2 orc warriors.

Vanquished Creatures
  Rupert (Lair:6)
  Snorg (Lair:6)
  Fannar (D:11)
  Harold (D:11)
  6 hydras
  A catoblepas (Lair:4)
  Erica (Lair:1)
  4 two-headed ogres (D:9)
  3 centaur warriors (D:11)
  A death yak (Lair:6)
  Urug (Lair:5)
  A sun demon (Lair:6)
  A wizard (Lair:6)
  An orb spider (Lair:4)
  An ugly thing (D:11)
  3 oklob plants (Lair:3)
  16 elephants
  2 torpor snails (Lair:6)
  3 black mambas
  An orange demon (Lair:6)
  13 spiny frogs
  5 rime drakes
  6 komodo dragons
  A hellwing (Lair:6)
  4 ice devils (Lair:6)
  2 trolls
  Prince Ribbit (D:8)
  10 blink frogs
  2 hornets
  8 dream sheep (Lair:6)
  4 hippogriffs
  3 wyverns
  A vampire (D:10)
  41 yaks
  A basilisk (Lair:6)
  2 hungry ghosts
  A steam dragon (D:9)
  14 water moccasins
  5 hell hounds (Lair:6)
  8 porcupines
  8 orc warriors
  2 ice beasts
  4 phantoms
  7 sky beasts
  4 ogres
  5 centaurs
  19 wolves
  16 crocodiles
  2 big kobolds
  15 bullfrogs
  A gnoll sergeant (D:9)
  A water moccasin skeleton (D:8)
  8 scorpions
  20 killer bees
  7 wights
  4 howler monkeys
  An electric eel (Lair:4)
  7 crimson imps
  2 quasits
  8 hounds
  6 jellies
  7 orc wizards
  6 orc priests
  A centaur skeleton (D:11)
  2 bullfrog skeletons (D:11)
  3 iguanas
  9 hell rats
  13 worker ants
  4 gnolls (D:9)
  16 adders
  A howler monkey skeleton (D:3)
  5 river rats (Lair:4)
  3 shadow imps
  An ooze (D:5)
  5 adder skeletons
  2 worms (D:4)
  2 dart slugs
  9 leopard geckos
  47 orcs
  9 bats
  17 giant cockroaches
  6 goblins
  7 hobgoblins
  12 jackals
  15 kobolds
  5 quokkas
  A ball python (D:3)
  7 frilled lizards
  12 rats
556 creatures vanquished.

Vanquished Creatures (others)
  26 fungi
  12 plants
38 creatures vanquished.

Grand Total: 594 creatures vanquished

Notes
Turn   | Place    | Note
-------+----------+-------------------------------------------
     0 | D:1      | Gorice the Demonspawn Arcane Marksman began the quest for the Orb.
     0 | D:1      | Reached XP level 1. HP: 15/15 MP: 2/2
   223 | D:1      | Reached skill level 2 in Throwing
   368 | D:1      | Gained mutation: You have a pair of small antennae on your head. [demonic ancestry]
   368 | D:1      | Reached XP level 2. HP: 12/21 MP: 3/3
   813 | D:1      | Reached skill level 2 in Fighting
  1084 | D:2      | Gained mutation: You are partially covered in yellow scales. (AC +2) [demonic ancestry]
  1084 | D:2      | Reached XP level 3. HP: 22/27 MP: 4/4
  1219 | D:2      | Found an iron altar of Okawaru.
  1227 | D:2      | Became a worshipper of Warmaster Okawaru
  1270 | D:2      | Found a basalt altar of Yredelemnul.
  1595 | D:2      | Found an ancient bone altar of Kikubaaqudgha.
  1595 | D:2      | Found a hazy altar of Hepliaklqana.
  1751 | D:2      | Reached skill level 3 in Throwing
  1946 | D:3      | Noticed Grinder
  2017 | D:3      | Gained mutation: You are mostly covered in yellow scales. (AC +3) [demonic ancestry]
  2017 | D:3      | Reached XP level 4. HP: 34/34 MP: 5/5
  2147 | D:3      | Paralysed by Grinder for 3 turns
  2393 | D:3      | Reached skill level 3 in Fighting
  2671 | D:3      | Found a burning altar of Makhleb.
  2692 | D:3      | Reached XP level 5. HP: 37/41 MP: 6/6
  3083 | D:3      | Reached skill level 4 in Throwing
  3097 | D:3      | Paralysed by Grinder for 5 turns
  3104 | D:3      | HP: 12/41 [Grinder/nerve-wracking pain (8)]
  3407 | D:3      | Paralysed by Grinder for 3 turns
  3938 | D:4      | Reached XP level 6. HP: 46/48 MP: 7/7
  4049 | D:4      | Reached skill level 4 in Fighting
  4069 | D:4      | Reached skill level 5 in Throwing
  4869 | D:5      | Entered Level 5 of the Dungeon
  4869 | D:5      | Found a glowing golden altar of the Shining One.
  4916 | D:5      | Noticed a sky beast
  4933 | D:5      | Reached * piety under Okawaru
  5113 | D:5      | Killed a sky beast
  5113 | D:5      | Gained mutation: You have a pair of antennae on your head. [demonic ancestry]
  5113 | D:5      | Reached XP level 7. HP: 49/55 MP: 8/8
  5139 | D:5      | Found a hazy altar of Hepliaklqana.
  5167 | D:5      | Found a staircase to the Ecumenical Temple.
  5222 | D:5      | Reached skill level 6 in Throwing
  5234 | Temple   | Entered the Ecumenical Temple
  5357 | D:5      | Reached skill level 5 in Fighting
  5364 | D:5      | HP: 15/56 [orc priest/short sword (2)]
  5365 | D:5      | HP: 4/56 [orc priest/divine providence (11)]
  5599 | D:5      | Reached skill level 1 in Long Blades
  5854 | D:5      | Reached skill level 2 in Long Blades
  5896 | D:5      | Reached ** piety under Okawaru
  5896 | D:5      | Gained mutation: You are partially covered in sharp spines. [demonic ancestry]
  5896 | D:5      | Reached XP level 8. HP: 31/62 MP: 9/9
  6081 | D:6      | Reached skill level 3 in Long Blades
  6396 | D:6      | Reached skill level 7 in Throwing
  6439 | D:6      | Reached skill level 4 in Long Blades
  7040 | D:6      | Reached skill level 5 in Long Blades
  7178 | D:6      | Reached *** piety under Okawaru
  7217 | D:6      | Gained mutation: You are slightly more attuned to the shadows. [demonic ancestry]
  7217 | D:6      | Reached XP level 9. HP: 27/68 MP: 7/10
  7592 | D:7      | Reached skill level 6 in Long Blades
  7713 | D:7      | Found Hiereer's Distillery.
  7753 | D:7      | Reached skill level 8 in Throwing
  7870 | D:6      | HP: 28/102 [water moccasin (6)]
  7878 | D:6      | Reached skill level 7 in Long Blades
  8212 | D:7      | Bought a potion of might for 52 gold pieces
  8212 | D:7      | Bought a potion of heal wounds for 65 gold pieces
  8427 | D:7      | Reached skill level 8 in Long Blades
  8449 | D:7      | Reached **** piety under Okawaru
  8497 | D:7      | Found Ywkuv's Serpentskin Sales.
  8503 | D:7      | Bought a +0 blowgun for 35 gold pieces
  8545 | D:7      | Reached skill level 6 in Fighting
  9340 | D:8      | Gained mutation: You are completely covered in yellow scales. (AC +4, rCorr) [demonic ancestry]
  9340 | D:8      | Reached XP level 10. HP: 77/77 MP: 11/11
  9541 | D:8      | Noticed Prince Ribbit
  9569 | D:8      | Killed Prince Ribbit
  9606 | D:8      | Reached skill level 9 in Long Blades
 10035 | D:8      | Found a bloodstained altar of Trog.
 10262 | D:9      | Found a glowing silver altar of Zin.
 10270 | D:9      | Found a blossoming altar of Fedhas.
 10275 | D:9      | Found a white marble altar of Elyvilon.
 10327 | D:9      | Noticed a two-headed ogre
 10350 | D:9      | HP: 21/77 [two-headed ogre/giant club (15)]
 10353 | D:9      | Killed a two-headed ogre
 10353 | D:9      | Reached skill level 7 in Fighting
 10620 | D:9      | Reached skill level 10 in Long Blades
 10627 | D:9      | Reached ***** piety under Okawaru
 10798 | D:9      | Received a gift from Okawaru
 10980 | D:9      | Noticed a two-headed ogre
 10987 | D:9      | Noticed a two-headed ogre
 11010 | D:9      | Killed a two-headed ogre
 11010 | D:9      | Reached skill level 8 in Fighting
 11130 | D:9      | Killed a two-headed ogre
 11130 | D:9      | Received a gift from Okawaru
 11318 | D:9      | Reached skill level 11 in Long Blades
 11318 | D:9      | Reached XP level 11. HP: 86/86 MP: 12/12
 11375 | D:9      | Noticed a two-headed ogre
 11392 | D:9      | HP: 23/86 [two-headed ogre/giant club (7)]
 11418 | D:9      | Killed a two-headed ogre
 11800 | D:10     | Entered Level 10 of the Dungeon
 11922 | D:10     | Found a staircase to the Lair.
 11993 | D:10     | Received a gift from Okawaru
 12432 | Lair:1   | Entered Level 1 of the Lair of Beasts
 12533 | Lair:1   | Reached skill level 9 in Fighting
 12567 | Lair:1   | Noticed Erica
 12578 | Lair:1   | Killed Erica
 12620 | Lair:1   | Reached skill level 12 in Long Blades
 12729 | Lair:1   | Reached skill level 1 in Invocations
 12732 | Lair:1   | Received a gift from Okawaru
 12738 | Lair:1   | Reached skill level 2 in Invocations
 12862 | Lair:1   | Reached skill level 3 in Invocations
 13158 | Lair:1   | Reached skill level 4 in Invocations
 13430 | Lair:2   | Noticed a four-headed hydra
 13563 | Lair:2   | Reached skill level 10 in Fighting
 13563 | Lair:2   | Reached skill level 5 in Invocations
 13592 | Lair:2   | Reached skill level 1 in Armour
 14009 | Lair:2   | Killed a one-headed hydra
 14009 | Lair:2   | Reached skill level 2 in Armour
 14009 | Lair:2   | Reached skill level 6 in Invocations
 14009 | Lair:2   | Reached XP level 12. HP: 64/97 MP: 14/16
 14233 | Lair:2   | Reached skill level 3 in Armour
 14448 | Lair:3   | Noticed a four-headed hydra
 14620 | Lair:3   | Noticed an eight-headed hydra
 14629 | Lair:3   | Killed a seven-headed hydra
 14629 | Lair:3   | Reached skill level 4 in Armour
 14934 | Lair:3   | Reached skill level 7 in Invocations
 14955 | Lair:3   | Killed a four-headed hydra
 15207 | Lair:3   | Reached skill level 5 in Armour
 15526 | Lair:4   | Received a gift from Okawaru
 15587 | Lair:4   | HP: 28/97 [hell rat (2)]
 15592 | Lair:4   | HP: 25/97 [porcupine (4)]
 15916 | Lair:4   | Reached skill level 8 in Invocations
 15916 | Lair:4   | HP: 24/97 [blink frog (7)]
 15928 | Lair:4   | HP: 16/97 [spiny frog (11)]
 15931 | Lair:4   | Reached skill level 6 in Armour
 15933 | Lair:4   | HP: 16/97 [spiny frog (5)]
 15938 | Lair:4   | HP: 13/97 [poisoned by a spiny frog]
 15944 | Lair:4   | HP: 11/97 [poisoned by a spiny frog]
 15949 | Lair:4   | HP: 10/97 [poisoned by a spiny frog]
 15956 | Lair:4   | HP: 10/97 [poisoned by a spiny frog]
 15964 | Lair:4   | HP: 10/97 [poisoned by a spiny frog]
 16724 | Lair:3   | Received a gift from Okawaru
 16947 | Lair:4   | Found a hole to the Spider Nest.
 16971 | Lair:4   | HP: 26/97 [disintegration (28)]
 17016 | Lair:4   | Got a faintly glowing plate armour
 17112 | Lair:3   | HP: 18/97 [black mamba (16)]
 17640 | Lair:3   | Reached skill level 7 in Armour
 17642 | Lair:3   | Reached skill level 9 in Invocations
 17663 | Lair:3   | Identified the +2 plate armour of Gallantry {rC+ rN+ rCorr} (You found it on level 4 of the Lair of Beasts)
 17982 | Lair:4   | Reached skill level 8 in Armour
 18187 | Lair:4   | Found a staircase to the Swamp.
 18421 | Lair:4   | Noticed a catoblepas
 18482 | Lair:4   | Killed a catoblepas
 18815 | Lair:5   | Gained mutation: You are significantly more attuned to the shadows. [demonic ancestry]
 18815 | Lair:5   | Reached XP level 13. HP: 91/103 MP: 19/19
 19118 | Lair:5   | Found a runed door.
 19119 | Lair:5   | Found a viscous altar of Jiyva.
 19124 | Lair:5   | Found a staircase to the Slime Pits.
 19124 | Lair:5   | Noticed an acid blob
 19181 | Lair:5   | Noticed Urug
 19190 | Lair:5   | Killed Urug
 19190 | Lair:5   | Reached skill level 9 in Armour
 19766 | Lair:6   | Entered Level 6 of the Lair of Beasts
 19769 | Lair:6   | Noticed Snorg
 19787 | Lair:6   | Killed Snorg
 19851 | Lair:6   | Received a gift from Okawaru
 19872 | Lair:6   | HP: 29/103 [wolf (3)]
 20233 | Lair:6   | Reached skill level 10 in Armour
 20236 | Lair:6   | Noticed Rupert
 20568 | Lair:6   | Reached ****** piety under Okawaru
 20573 | Lair:6   | HP: 27/103 [torpor snail (16)]
 20927 | Lair:6   | Received a gift from Okawaru
 20978 | Lair:6   | Reached skill level 13 in Long Blades
 21007 | Lair:6   | HP: 30/103 [elephant (10)]
 21011 | Lair:6   | Reached skill level 11 in Armour
 22221 | Lair:6   | Reached XP level 14. HP: 110/110 MP: 20/20
 22344 | Lair:6   | Paralysed by a wizard for 3 turns
 22366 | Lair:6   | Received a gift from Okawaru
 22400 | Lair:6   | Reached skill level 12 in Armour
 22646 | Lair:6   | Received a gift from Okawaru
 22671 | Lair:6   | Found a burning altar of Makhleb.
 22700 | Lair:6   | Found a gateway to Hell.
 22833 | Lair:6   | Killed Rupert
 23009 | Lair:6   | Upgraded the game from 0.20-a0-432-g25cc1b4 to 0.20-a0-433-g9e36e56
 23162 | Lair:3   | HP: 32/110 [acid (6)]
 23174 | Lair:3   | Got a scintillating iron ring
 23183 | Lair:3   | Identified the ring "Weebeeb" {rElec Str+3 Dex-5 SInv} (You found it on level 3 of the Lair of Beasts)
 23531 | D:11     | Noticed Harold
 23545 | D:11     | Killed Harold
 23770 | D:11     | Got a steaming leather armour
 24056 | D:11     | Noticed Fannar
 24070 | D:11     | Killed Fannar
 24242 | D:11     | Found a staircase to the Orcish Mines.
 24373 | D:11     | Found an iron altar of Okawaru.
 24533 | D:11     | HP: 28/110 [centaur warrior/arrow (14)]
 24534 | D:11     | Reached skill level 14 in Long Blades
 24537 | D:11     | HP: 9/110 [centaur warrior/uncursed triple sword of distortion (15)]
 24537 | D:11     | Slain by a centaur warrior

Vault maps used:
D:1:      dpeg_arrival_orchard, nrook_mini_vaults
D:2:      marbit_many_paths, old_standard_altar, gammafunk_temple_overflow_wave,
          first_bread, glass_columns_b
D:3:      minmay_roachtagon, makhleb_heckhound_becter, dk_noncrumbling_2,
          uniq_grinder
D:4:      minmay_cupped
D:5:      lemuel_doored_altar, basic_altar
D:6:      old_forge
D:7:      serial_shops, nicolae_shop_crystal, grunt_ogre_cave,
          grunt_ministairs_14, guppyfry_shop_venom
D:8:      trog_book, uniq_prince_ribbit1
D:9:      minmay_overflow_temple_star_quad, hangedman_glass_teeth
D:10:     lair_entry_dummy, minivault_24
D:11:     evilmike_iron_armoury, david_orc_2, uniq_harold, uniq_fannar
Temple:   nicolae_temple_hex_pool
Lair:1:   beast_lair_carwin_11, uniq_erica
Lair:3:   infiniplex_staircase_pool_2, grunt_megastairs_1,
          minmay_lair_oklob_chamber
Lair:4:   swamp_mist, nicolae_spider_entry_orb_guardian, lookout_lair_type,
          kennysheep_abandoned_house
Lair:5:   slime_altar_2, infiniplex_staircase_pool, uniq_urug
Lair:6:   evil_forest, lemuel_fruit_fields, uniq_snorg, uniq_rupert

Skill      XL: |  1  2  3  4  5  6  7  8  9 10 11 12 13 14 |
---------------+-------------------------------------------+-----
Throwing       | 2 3 4 5 6 7 8 |  8.2
Fighting       | 2 3 4 5 6 8 10 | 10.1
Long Blades    | 2 5 8 11 12 13 14 | 14.0
Invocations    | 6 9 |  9.0
Armour         | 2 8 11 12 | 12.9
Dodging        | |  1.7
Spellcasting   | |  1.0
Hexes          | |  3.0

Action                   |  1- 3 |  4- 6 |  7- 9 | 10-12 | 13-15 || total
-------------------------+-------+-------+-------+-------+-------++-------
Melee: Hand axe          |    18 |       |       |       |       ||    18
       Dagger            |    74 |   377 |    72 |       |       ||   523
       Falchion          |       |       |   133 |       |       ||   133
       Long sword        |       |       |   132 |   164 |       ||   296
       Scimitar          |       |       |       |   339 |   609 ||   948
       Punch             |       |       |       |     1 |     2 ||     3
       Great sword       |       |       |       |       |     5 ||     5
 Fire: Blowgun           |       |       |     9 |    39 |       ||    48
       Hunting sling     |       |       |       |    22 |       ||    22
Throw: Javelin           |     8 |     4 |    17 |    34 |    25 ||    88
       Throwing net      |       |       |     2 |     1 |     1 ||     4
       Tomahawk          |       |       |       |    43 |    32 ||    75
Invok: Heroism           |       |       |     3 |    16 |     7 ||    26
       Finesse           |       |       |       |       |     3 ||     3
  Use: Scroll            |     7 |     5 |     5 |    11 |     7 ||    35
       Potion            |       |       |     2 |     2 |     1 ||     5
 Stab: Sleeping          |       |     1 |     4 |     8 |       ||    13
       Held in net/web   |       |       |     1 |     2 |       ||     3
       Distracted        |       |       |     1 |     1 |     2 ||     4
       Invisible         |       |       |       |       |     1 ||     1
  Eat: Chunk             |     2 |    10 |    16 |    22 |    15 ||    65
       Bread ration      |       |       |       |     2 |       ||     2
       Pizza             |       |       |       |     1 |     1 ||     2
       Royal jelly       |       |       |       |       |     1 ||     1
Armor: Ring mail         |    30 |   191 |   134 |    90 |       ||   445
       Robe              |     1 |       |       |       |       ||     1
       Scale mail        |       |       |    10 |    41 |       ||    51
       Skin              |       |       |     9 |       |       ||     9
       Plate armour      |       |       |       |    63 |   386 ||   449
Dodge: Dodged            |    48 |   148 |   127 |   204 |   178 ||   705
       Rpst.: Falchion   |       |       |    14 |       |       ||    14
       Long sword        |       |       |    18 |    26 |       ||    44
       Scimitar          |       |       |       |    38 |    43 ||    81

Table legend:
 A = Turns spent in this place as a percentage of turns spent in the entire game.
 B = Non-inter-level travel turns spent in this place as a percentage of non-inter-level travel turns spent in the entire game.
 C = Inter-level travel turns spent in this place as a percentage of turns spent in this place.
 D = Turns resting spent in this place as a percentage of non-inter-level travel turns spent in this place.
 E = Turns spent auto-exploring this place as a percentage of non-inter-level travel turns spent in this place.
 F = Non-inter-level travel turns spent in this place divided by the number of levels of this place that you've seen.
                   A       B       C       D       E      F
               +-------+-------+-------+-------+-------+----------------------
         Total | 100.0 | 100.0 |   0.6 |   2.2 |   4.5 | 481.6
       Dungeon |  58.2 |  58.2 |   0.6 |   1.9 |   4.5 | 458.8
        Temple |   0.3 |   0.3 |   0.0 |   0.0 |  44.4 |  27.0
          Lair |  41.5 |  41.5 |   0.7 |   2.8 |   4.2 | 599.0
               +-------+-------+-------+-------+-------+----------------------

Vault maps used:
D:1:      dpeg_arrival_orchard, nrook_mini_vaults
D:2:      marbit_many_paths, old_standard_altar, gammafunk_temple_overflow_wave,
          first_bread, glass_columns_b
D:3:      minmay_roachtagon, makhleb_heckhound_becter, dk_noncrumbling_2,
          uniq_grinder
D:4:      minmay_cupped
D:5:      lemuel_doored_altar, basic_altar
D:6:      old_forge
D:7:      serial_shops, nicolae_shop_crystal, grunt_ogre_cave,
          grunt_ministairs_14, guppyfry_shop_venom
D:8:      trog_book, uniq_prince_ribbit1
D:9:      minmay_overflow_temple_star_quad, hangedman_glass_teeth
D:10:     lair_entry_dummy, minivault_24
D:11:     evilmike_iron_armoury, david_orc_2, uniq_harold, uniq_fannar
Temple:   nicolae_temple_hex_pool
Lair:1:   beast_lair_carwin_11, uniq_erica
Lair:3:   infiniplex_staircase_pool_2, grunt_megastairs_1,
          minmay_lair_oklob_chamber
Lair:4:   swamp_mist, nicolae_spider_entry_orb_guardian, lookout_lair_type,
          kennysheep_abandoned_house
Lair:5:   slime_altar_2, infiniplex_staircase_pool, uniq_urug
Lair:6:   evil_forest, lemuel_fruit_fields, uniq_snorg, uniq_rupert
